 Dungeon Crawl Stone Soup version 0.19-a0-734-ge18daf0 (webtiles) character file.

109 tyrsky the Ruffian (level 4, 0/37 HPs)
             Began as a Draconian Transmuter on June 22, 2016.
             Slain by Robin
             ... wielding a +0 short sword
              (6 damage)
             ... on level 2 of the Dungeon.
             The game lasted 00:04:21 (1749 turns).

tyrsky the Ruffian (Draconian Transmuter)           Turns: 1749, Time: 00:04:22

Health: 0/37       AC:  5    Str: 13 (14) XL:     4   Next: 60%
Magic:  0/7        EV: 12    Int: 11 (13) God:
Gold:   99         SH:  0    Dex: 10 (11) Spells: 2 memorised, 4 levels left

rFire  . . .     SeeInvis .       - Unarmed
rCold  . . .     Gourm    .     (armour unavailable)
rNeg   . . .     Faith    .     (no shield)
rPois  .         Spirit   .     (helmet restricted)
rElec  .         Dismiss  .     (no cloak)
rCorr  .         Reflect  .     (no gloves)
SustAt .         Harm     .     (boots currently unavailable)
MR     .....                    (no amulet)
Stlth  +.........               (no ring)
                                (no ring)

@: appendage, not resistant to hostile enchantments, very unstealthy
A: unfitting armour, talons 3, cold-blooded, AC +5
a: End Transformation


You were on level 2 of the Dungeon.
You were near starving.
You had grown temporary talons.
You visited 1 branch of the dungeon, and saw 2 of its levels.

You collected 99 gold pieces.

Inventory:

Missiles
 a - 7 arrows
Jewellery
 k - an uncursed ring of poison resistance {unknown}
Scrolls
 e - a scroll of blinking {unknown}
 f - a scroll of noise {unknown}
 g - 2 scrolls of identify {unknown}
 h - a scroll of remove curse {unknown}
 i - 3 scrolls of enchant armour {unknown}
 m - a scroll of immolation {unknown}
Books
 b - a book of Changes

   Spells                             Type                      Level
   a - Beastly Appendage              Transmutation                1
   b - Sticks to Snakes               Transmutation                2
   c - Spider Form                    Transmutation/Poison         3
   d - Ice Form                       Ice/Transmutation            4
   e - Blade Hands                    Transmutation                5
Comestibles
 c - a bread ration


   Skills:
 + Level 2.9 Fighting
 - Level 1.7 Dodging
 * Level 4.7 Unarmed Combat
 - Level 2.0 Spellcasting
 - Level 2.0 Transmutations


You had 4 spell levels left.
You knew the following spells:

 Your Spells              Type           Power        Failure   Level  Hunger
a - Beastly Appendage     Tmut           #.....       14%         1    ##.....
b - Sticks to Snakes      Tmut           #.......     21%         2    ###....


Dungeon Overview and Level Annotations

Branches:
Dungeon (2/15)

Altars:
Xom

Annotations:
D:2 Robin, Sigmund


Innate Abilities, Weirdness & Mutations

Your plain brown scales are hard. (AC +5)
Your body does not fit into most forms of armour.
You are cold-blooded and may be slowed by cold attacks.
You have claws for feet.


Message History

Casting: Beastly Appendage
Confirm with . or Enter, or press ? or * to list all spells.
Your feet morph into talons.
Robin roars a battlecry!
The goblin goes into a battle-frenzy!
Robin hits you but does no damage. Robin throws the goblin at you!
* * * LOW HITPOINT WARNING * * *
You hit Robin.
Your tail-slap misses Robin.
Robin is lightly wounded.
The goblin hits you.
* * * LOW HITPOINT WARNING * * *
Robin hits you but does no damage.
You hit Robin but do no damage.
Robin is lightly wounded.
The goblin completely misses you. Robin hits you but does no damage.
You hit Robin.
Robin is heavily wounded.
The goblin hits you but does no damage. Robin hits you with a short sword.
You die...

##.###8...8 8##..#
....##..... ##.g#
....#>..... #..#
.#.###..... .g#
.#..##8...8 #.#
.#.## #8## #.#
.#.# ########
###.#
...###......#
#.g.#
............#
#d###
.##.........# #g#
.##..######## #.#
..†...# #.#
....).# #.#
......# #####.#
....#.# ##.....#
##..#.#####.#.####
#.........###.#


You could see Robin and a goblin.

Vanquished Creatures
  Jessica (D:2)
  4 adders (D:2)
  An ooze (D:2)
  A worm (D:2)
  3 giant geckos
  A ball python (D:1)
  7 bats
  3 giant cockroaches
  7 goblins
  4 hobgoblins
  A quokka (D:2)
  2 giant newts (D:1)
  2 kobolds (D:1)
  3 rats (D:1)
40 creatures vanquished.

Notes
Turn   | Place    | Note
--------------------------------------------------------------
     0 | D:1      | tyrsky the Draconian Transmuter began the quest for the Orb.
     0 | D:1      | Reached XP level 1. HP: 16/16 MP: 3/3
   312 | D:1      | Reached XP level 2. HP: 22/23 MP: 3/5
   373 | D:1      | Learned a level 2 spell: Sticks to Snakes
   425 | D:1      | Found a shimmering altar of Xom.
   952 | D:2      | Noticed Sigmund
  1009 | D:2      | Reached XP level 3. HP: 16/29 MP: 1/6
  1214 | D:2      | Reached skill level 4 in Unarmed Combat
  1510 | D:2      | Noticed Jessica
  1611 | D:2      | Killed Jessica
  1611 | D:2      | Reached XP level 4. HP: 28/37 MP: 5/7
  1742 | D:2      | Noticed Robin
  1749 | D:2      | Slain by Robin

Vault maps used:
D:1:      roderic_crossed_star, serial_forest, infiniplex_forest_clump_large,
          infiniplex_forest_lined_3_way, infiniplex_forest_zigzag_2,
          infiniplex_forest_corner_2, infiniplex_forest_lined_3,
          hangedman_decor_growths, xom_teletrap_fun
D:2:      nicolae_overflow_hidden_temple, uniq_robin, uniq_sigmund,
          uniq_natasha, uniq_jessica

Skill      XL: |  1  2  3 |
---------------+----------+-----
Fighting       | 2 |  2.9
Unarmed Combat | 4 |  4.7
Dodging        | |  1.7
Spellcasting   | |  2.0
Transmutations | |  2.0

Action                   |  1- 3 |  4- 6 || total
-------------------------+-------+-------++-------
Melee: Unarmed           |    98 |    36 ||   134
       Headbutt          |     4 |     2 ||     6
       Tailslap          |    10 |     1 ||    11
       Kick              |     3 |     3 ||     6
       Punch             |     1 |     1 ||     2
 Cast: Beastly Appendage |    10 |     5 ||    15
       Sticks to Snakes  |     2 |     3 ||     5
  Use: Potion            |       |     2 ||     2
 Stab: Distracted        |     1 |       ||     1
  Eat: Chunk             |     2 |       ||     2
Armor: Skin              |    43 |    14 ||    57
Dodge: Dodged            |    83 |    23 ||   106
